 Dungeon Sprint DCSS version 0.31-a0-750-gfe7b580527 (webtiles) character file.

Game seed: 4820432007269368560

63 rocky1 the Ruffian (level 3, 0/42 HPs)
             Began as a Draconian Shapeshifter on Sept 15, 2023.
             Slain by an iguana (13 damage)
             ... in the Dungeon (Sprint IX: "|||||||||||||||||||||||||||||").
             The game lasted 00:00:17 (129 turns).

rocky1 the Ruffian (Draconian Shapeshifter)          Turns: 129, Time: 00:00:17

Health: 0/42       AC:  5    Str: 18    XL:     3   Next: 87%
Magic:  3/3        EV: 12    Int: 10    God:
Gold:   0          SH:  0    Dex: 10    Spells: 2/2 levels left

rFire   . .          .
                       - Unarmed
rCold   . . .        (no shield)
rNeg    . . .        (body armour unavailable)
rPois   .            (helmet currently unavailable)
rElec   .            (cloak currently unavailable)
rCorr   .            (gloves currently unavailable)
SInv    .            (boots currently unavailable)
Will    .....        (no amulet) Stlth
                     (no ring)
HPRegen 0.27/turn    (no ring)
MPRegen 0.08/turn

%: no teleportation
@: berserking, lethally poisoned (0 -> -3), beast-form, very quick
A: beast (slay +2), AC +5, unfitting armour, cold-blooded
a: Begin Untransformation


You were in the Dungeon.
You were a hulking beast.
You visited 1 branch

Inventory:

Talismans
 b - a beast talisman (active)
 c - a flux talisman
Scrolls
 i - a scroll of blinking
Potions
 a - a potion of lignification
 d - a potion of curing
 e - a potion of heal wounds
 f - a potion of haste
 g - 2 potions of magic


   Skills:
 + Level 1.4 Fighting
 + Level 2.8 Dodging
 * Level 6.2 Unarmed Combat
 + Level 5.1 Shapeshifting


You had 2 spell levels left.
You didn't know any spells.
Your spell library was empty.

Dungeon Overview and Level Annotations

Branches:
Dungeon (1/1)

Altars:


Innate Abilities, Weirdness & Mutations

You are a hulking beast.
Your limbs bulge with bestial killing power. (Slay +2)
Your plain brown scales are hard. (AC +5)
You cannot fit into any form of body armour.
You are cold-blooded and may be slowed by cold attacks.


Message History

You kill the rat!
You punch the hobgoblin!
You kill the hobgoblin!
You hit the kobold.
The kobold is moderately wounded.
The kobold barely misses you.
You hit the kobold.
You kill the kobold!
Your Dodging skill increases to level 2!
Items here: ( )) †.
You start waiting.
Done waiting.
You open the door.
An ogre, 2 orcs, an iguana and a scorpion come into view.
The orc shouts!
The ogre shouts!
The iguana hisses angrily.
Unknown command.
A red film seems to cover your vision as you go berserk!
You feel yourself moving faster!
You feel mighty! The scorpion stings you.
You are poisoned.
The scorpion poisons you! The scorpion misses you.
You barely miss the scorpion.
You feel sick.
You hit the scorpion.
The scorpion is lightly wounded.
The scorpion stings you.
You punch the scorpion!
The scorpion is severely wounded.
You feel sick. The scorpion stings you.
You punch the scorpion!
You kill the scorpion!
You feel sick.
Your Unarmed Combat skill gained 3 levels and is now at level 6!
Your Shapeshifting skill gained 2 levels and is now at level 5!
You have reached level 2!
You have reached level 3!
Your experience leads to an increase in your attributes!
Increase (S)trength, (I)ntelligence, or (D)exterity?
You feel stronger. x2; Your scales feel tougher.
Unknown command.
You feel sick. The iguana bites you!
You die...

▓+▓
▓.▓
▓o▓
▓O▓
▓o▓
▓l▓
▓h▓
▓.▓
▓.▓
▓.▓
▓.▓
▓)▓
▓†▓
▓.▓
▓.▓


You could see an ogre, an iguana, an orc wizard and an orc.

Vanquished Creatures
  A scorpion (D)
  A hobgoblin (D)
  A frilled lizard (D)
  2 kobolds (D)
  A rat (D)
6 creatures vanquished.

Notes
Turn   | Place    | Note
-------+----------+-------------------------------------------
     0 | D        | rocky1 the Draconian Shapeshifter began the quest for the
                  | Orb.
     0 | D        | Reached XP level 1. HP: 16/16 MP: 1/1
   123 | D        | Noticed an ogre
   123 | D        | Noticed an orc wizard
   123 | D        | Noticed an iguana
   123 | D        | Noticed a scorpion
   128 | D        | Killed a scorpion
   129 | D        | Reached skill level 6 in Unarmed Combat
   129 | D        | Reached skill level 5 in Shapeshifting
   129 | D        | Reached XP level 2. HP: 11/23 MP: 2/2
   129 | D        | Reached XP level 3. HP: 14/28 MP: 3/3
   129 | D        | Slain by an iguana

Illustrated notes

Levels and vault maps discovered:
D:        linesprint [early_d, line_temple, items_1, d_10, items_2, lair_1,
          lair_end, items_3, orc_1, orc_end, items_4, d_15, swamp_1, shoals_1,
          snake_1, spider_1, d_20, vaults_1, items_5, swamp_end, shoals_end,
          snake_end, spider_end, vaults_end, d_27, items_6, zot_1, zot_end,
          crypt_end, forest_end, elf_end, slime_end, tomb_end, abyss_end,
          pan_hell_end]

Skill      XL: |  1 |
---------------+----+-----
Dodging        | 2 |  2.8
Unarmed Combat | 6 |  6.2
Shapeshifting  | 5 |  5.1
Fighting       | |  1.4

Action                     || total
---------------------------++-------
  Melee: Unarmed           ||    17
         Tailslap          ||     1
    Use: Potion            ||     1
 Armour: Skin              ||     8
  Dodge: Dodged            ||     5

Table legend: (Time is in decaauts)
 A = Elapsed time spent in this place.
 B = Non-inter-level travel time spent in this place.
 C = Inter-level travel time spent in this place.
 D = Time resting spent in this place.
 E = Time spent auto-exploring this place.
 F = Levels seen in this place.
 G = Mean time per level.
                   A        B        C        D        E       F      G
               +--------+--------+--------+--------+--------+-----+--------+
         Total |    126 |    126 |      0 |    100 |      0 |   1 |  126.0 |
       Dungeon |    126 |    126 |      0 |    100 |      0 |   1 |  126.0 |
               +--------+--------+--------+--------+--------+-----+--------+

Top non-repeatable levels by time:
       D: 126 daAuts
